 Dungeon Crawl Stone Soup version 0.29.0-4-gdea44cf6ec (webtiles) character file.

Game seed: 10524225604279783267

10 qw the Sneak (level 2, -1/23 HPs)
             Began as a Ghoul Enchanter on Sept 8, 2022.
             Slain by a worm (6 damage)
             ... on level 2 of the Dungeon.
             The game lasted 00:00:27 (1299 turns).

qw the Sneak (Ghoul Enchanter)                      Turns: 1299, Time: 00:00:28

Health: -1/23      AC:  3    Str: 11    XL:     2   Next: 20%
Magic:  3/3        EV: 11    Int: 10    God:
Gold:   143        SH:  0    Dex:  9    Spells: 4/4 levels left

rFire   . . .      SeeInvis .   Y - +1 trident
rCold   + . .      Faith    .   (no shield)
rNeg    + + +      Spirit   .   h - +0 leather armour
rPois   inf        Reflect  .   (no helmet)
rElec   .          Harm     .   (no cloak)
rCorr   .          Rampage  .   (no gloves)
Will    .....                   (no boots)
Stlth   ++........              (no amulet)
HPRegen 0.00/turn               (no ring)
MPRegen 0.08/turn               (no ring)

@: inhibited regen
A: claws 1, cold resistance 1, negative energy resistance 3, inhibited
regeneration, torment resistance 2, devour on kill
a: no special abilities


You were on level 2 of the Dungeon.
You visited 1 branch of the dungeon, and saw 2 of its levels.

You collected 143 gold pieces.


Innate Abilities, Weirdness & Mutations

You are immune to poison.
You have sharp fingernails.
Your flesh is cold resistant. (rC+)
You are immune to negative energy. (rN+++)
You do not regenerate when monsters are visible.
You are immune to unholy pain and torment.
You thrive by killing the living.


   Skills:
 - Level 1.0 Fighting
 - Level 0.8 Short Blades
 + Level 1.2 Axes
 - Level 1.7 Dodging
 - Level 3.2 Stealth
 - Level 1.7 Spellcasting
 - Level 2.4 Hexes


You had 4 spell levels left.
You didn't know any spells.
Your spell library contained the following spells:

 Spells                   Type           Power      Damage    Failure   Level
 Ensorcelled Hibernation  Hex/Ice        6%         N/A       36%         2
 Confusing Touch          Hex            5%         N/A       43%         3
 Tukima's Dance           Hex            5%         N/A       43%         3
 Dazzling Flash           Conj/Hex       6%         N/A       61%         3

Inventory:

Hand Weapons
 Y - a +1 trident (weapon)
Armour
 c - a +0 ring mail
 h - a +0 leather armour (worn)
Scrolls
 b - a scroll of brand weapon {unknown}
 i - a scroll of identify {unknown}
Potions
 a - a potion of haste {unknown}
 d - a potion of lignification {unknown}
 e - a potion of might {unknown}
 f - a potion of degeneration {unknown}
 g - a potion of ambrosia {unknown}

Dungeon Overview and Level Annotations

Branches:
Dungeon (2/15)

Altars:


Message History

Reach: Y) +1 trident
Press: ? - help, Dir - move target, f/p - worm You barely miss the worm.
The worm is severely wounded.
1286 ||| Stepping ~*~*~tactically~*~*~ (reaching).
There is a stone staircase leading up here.
1287 ||| Stepping ~*~*~tactically~*~*~ (reaching).
Reach: Y) +1 trident
Press: ? - help, Dir - move target, f/p - worm You barely miss the worm.
The worm is heavily wounded.
1289 ||| Stepping ~*~*~tactically~*~*~ (reaching).
1290 ||| Stepping ~*~*~tactically~*~*~ (reaching).
Reach: Y) +1 trident
Press: ? - help, Dir - move target, f/p - worm You barely miss the worm.
The worm is moderately wounded.
You hit the worm.
The worm is moderately wounded.
The worm barely misses you.
You barely miss the worm.
The worm is moderately wounded.
The worm closely misses you.
You hit the worm.
The worm is heavily wounded.
You hit the worm.
The worm is severely wounded.
The worm bites you!
You hit the worm.
The worm is severely wounded.
The worm closely misses you.
You barely miss the worm.
The worm is severely wounded.
The worm bites you!
You hit the worm but do no damage.
The worm is severely wounded.
You barely miss the worm.
The worm is severely wounded.
The worm bites you.
You die...

..........#########.#.#
#...#
##########............#
#...# #%...........#
....#
#............##..#
#................#
#............###.#
#............###.#
#######.....>.##.#
#@w.....##.#
#.......##.#
####.......##.#######
........<...##........
.####..............###
#................#
...................
..................#.#
......##..........#.#


You could see a worm.

Vanquished Creatures
  A ball python (D:1)
  An endoplasm (D:2)
  A goblin (D:1)
  A kobold (D:2)
  A quokka (D:1)
  2 bats
  2 frilled lizards (D:2)
  A rat (D:2)
10 creatures vanquished.

Notes
Turn   | Place    | Note
-------+----------+-------------------------------------------
     0 | D:1      | qw the Ghoul Enchanter began the quest for the Orb.
     0 | D:1      | Reached XP level 1. HP: 14/14 MP: 2/2
     0 | D:1      | 0 ||| qw: Version: 0.1-a-112-g44dc6cd
     0 | D:1      | 0 ||| qw: Game counter: 6652
     0 | D:1      | 0 ||| qw: Always use a shield: true
     0 | D:1      | 0 ||| qw: God list: Okawaru
     0 | D:1      | 0 ||| qw: Allow faded altars: false
     0 | D:1      | 0 ||| qw: Do Orc after D:15 true
     0 | D:1      | 0 ||| qw: Do second Lair branch before Depths: true
     0 | D:1      | 0 ||| qw: Lair rune preference: random
     0 | D:1      | 0 ||| qw: Plans: Normal
     0 | D:1      | 0 ||| PLANNING D:1-11
     3 | D:1      | 3 ||| SWAPPING to +0 trident.
     4 | D:1      | 4 ||| DROPPING +1 dagger.
   565 | D:1      | Found a faded altar of an unknown god.
   683 | D:1      | Reached skill level 1 in Axes
   891 | D:1      | 891 ||| UPGRADING to +0 leather armour.
   901 | D:1      | 901 ||| DROPPING +0 robe.
   902 | D:1      | 902 ||| READING scroll labelled RURID YSUSHE.
   903 | D:1      | 903 ||| READING 4 scrolls labelled EHUERI LEOLORGHUASK.
   904 | D:1      | 904 ||| READING scroll labelled WIWKOF VUXI.
   905 | D:1      | 905 ||| DROPPING 2 potions of invisibility.
   906 | D:1      | 906 ||| DROPPING 3 scrolls of fog.
  1155 | D:2      | Reached XP level 2. HP: 22/22 MP: 3/3
  1182 | D:2      | Reached skill level 1 in Fighting
  1271 | D:2      | 1271 ||| Stepping ~*~*~tactically~*~*~ (reaching).
  1272 | D:2      | 1272 ||| Stepping ~*~*~tactically~*~*~ (reaching).
  1274 | D:2      | 1274 ||| Stepping ~*~*~tactically~*~*~ (reaching).
  1275 | D:2      | 1275 ||| Stepping ~*~*~tactically~*~*~ (reaching).
  1277 | D:2      | 1277 ||| Stepping ~*~*~tactically~*~*~ (reaching).
  1278 | D:2      | 1278 ||| Stepping ~*~*~tactically~*~*~ (reaching).
  1280 | D:2      | 1280 ||| Stepping ~*~*~tactically~*~*~ (reaching).
  1281 | D:2      | 1281 ||| Stepping ~*~*~tactically~*~*~ (reaching).
  1283 | D:2      | 1283 ||| Stepping ~*~*~tactically~*~*~ (reaching).
  1284 | D:2      | 1284 ||| Stepping ~*~*~tactically~*~*~ (reaching).
  1286 | D:2      | 1286 ||| Stepping ~*~*~tactically~*~*~ (reaching).
  1287 | D:2      | 1287 ||| Stepping ~*~*~tactically~*~*~ (reaching).
  1289 | D:2      | 1289 ||| Stepping ~*~*~tactically~*~*~ (reaching).
  1290 | D:2      | 1290 ||| Stepping ~*~*~tactically~*~*~ (reaching).
  1297 | D:2      | HP: 5/23 [worm (9)]
  1299 | D:2      | Slain by a worm

Levels and vault maps discovered:
D:1:      kilobyte_arrival_exit_the_forest, layout_rooms,
          hellmonk_ecumenical_altar_lost_god
D:2:      layout_basic

Skill      XL: |  1  2 |
---------------+-------+-----
Axes           | 1 |  1.2
Fighting       | 1 |  1.0
Short Blades   | |  0.8
Dodging        | |  1.7
Stealth        | |  3.2
Spellcasting   | |  1.7
Hexes          | |  2.4

Action                   || total
-------------------------++-------
Melee: Trident           ||    46
  Use: Scroll            ||     3
 Stab: Sleeping          ||     1
Armor: Leather armour    ||     2
       Robe              ||     1
Dodge: Dodged            ||    18

Table legend:
 A = Non-vault XP
 B = Vault XP
 C = Vault XP percentage of total XP
 D = Non-vault monster count
 E = Vault monster count
 F = Vault count percentage of total count
                 A         B        C        D         E       F
            +---------+---------+-------+---------+---------+-------
      Total |      15 |       0 |   0.0 |      10 |       0 |   0.0
            +---------+---------+-------+---------+---------+-------
        D:1 |       7 |       0 |   0.0 |       4 |       0 |   0.0
        D:2 |       8 |       0 |   0.0 |       6 |       0 |   0.0
            +---------+---------+-------+---------+---------+-------
